 Dungeon Crawl Stone Soup version 0.18.1-48-g4cf74bf (webtiles) character file.

651 boogeech the Shield-Bearer (level 7, -1/61 HPs)
             Began as a Minotaur Fighter on June 28, 2016.
             Slain by an ogre
             ... wielding a +0 giant club
              (22 damage)
             ... on level 5 of the Dungeon.
             The game lasted 00:08:52 (3692 turns).

boogeech the Shield-Bearer (Minotaur Fighter)       Turns: 3692, Time: 00:08:53

Health: -1/61      AC:  7    Str: 21    XL:     7   Next: 28%
Magic:  6/6        EV:  9    Int:  5    God:
Gold:   128        SH: 10    Dex: 11    Spells: 0 memorised, 6 levels left

rFire  . . .     SeeInvis .     a - +0 flail
rCold  . . .     Gourm    .     b - +0 scale mail
rNeg   . . .     Faith    .     c - +0 shield
rPois  .         Spirit   .     (helmet restricted)
rElec  +         Dismiss  .     (no cloak)
rCorr  .         Reflect  .     (no gloves)
SustAt .         Harm     .     (no boots)
MR     +++..                    e - amulet of rage
Stlth  ..........               (no ring)
                                s - ring of Iwi Icihaj {*Corrode +Blink rElec MR+++ Stlth-}

@: extremely resistant to hostile enchantments, extremely unstealthy
A: retaliatory headbutt, horns 2
a: Evoke Blink, Evoke Berserk Rage


You were on level 5 of the Dungeon.
You were not hungry.

You visited 1 branch of the dungeon, and saw 5 of its levels.

You collected 128 gold pieces.

Inventory:

Hand Weapons
 a - a +0 flail (weapon)
 r - a +0 hunting sling
Missiles
 d - 13 sling bullets
Armour
 b - a +0 scale mail (worn)
 c - a +0 shield (worn)
Jewellery
 e - an amulet of rage (around neck)
 h - an uncursed ring of ice
 s - the ring of Iwi Icihaj (left hand) {*Corrode +Blink rElec MR+++ Stlth-}
   (You found it on level 4 of the Dungeon)

   [ring of loudness]

   It insulates you from electricity.
   It affects your resistance to hostile enchantments.
   It lets you blink.
   It may corrode you when you take damage.
   It makes you less stealthy.
Scrolls
 i - a scroll of teleportation
 k - a scroll of immolation {unknown}
 l - 2 scrolls of identify
 m - a scroll of noise {unknown}
 n - 2 scrolls of amnesia
Potions
 g - 2 potions of resistance {unknown}
 o - a potion of haste {unknown}
 t - a potion of cancellation
 u - a potion of agility {unknown}
 w - a potion of degeneration {unknown}
Comestibles
 f - 3 bread rations
 j - 2 meat rations
 p - a beef jerky
 q - 7 fruits
 v - a chunk of flesh


   Skills:
 * Level 5.4 Fighting
 * Level 4.8 Maces & Flails
 * Level 5.8 Armour
 + Level 2.2 Dodging
 * Level 6.2 Shields


You had 6 spell levels left.
You didn't know any spells.

Dungeon Overview and Level Annotations

Branches:
Dungeon (5/15)
 Temple: D:4-7

Altars:
Ashenzari
Cheibriados
Fedhas
Pakellas
Trog
Yredelemnul
The Shining One


Innate Abilities, Weirdness & Mutations

You reflexively headbutt those who attack you in melee.
You have a pair of horns on your head.


Message History

You closely miss the hound. You headbutt the hound.
The hound is almost dead.
The hound bites you. You block the hound's attack.
You closely miss the hound.
The hound is almost dead.
You block the hound's attack.
You barely miss the hound. You headbutt the hound.
You kill the hound!
The ogre hits you with a giant club!!
You sock the ogre! Your headbutt misses the ogre.
The ogre is heavily wounded.
The ogre hits you with a giant club!
You hit the ogre.
You headbutt the ogre, but do no damage.
The ogre is heavily wounded.
You block the ogre's attack.
You hit the ogre. Your headbutt misses the ogre.
The ogre is severely wounded.
The ogre hits you with a giant club!!
You die...

.........# #.........
#........)
...#......... ##
#..#......... ...
#..#......... #..
#..#O†.......
.##..###..#.@.......
..........#.........
###............?.......
#...................###
#.# #..##..#######....
#.# #..............###
.#.# #..##.######## #
.#.####..##.#
............#


You could see an ogre.

Vanquished Creatures
  Sigmund (D:2)
  A phantom (D:4)
  An ogre (D:4)
  2 hounds
  Terence (D:2)
  A worker ant (D:4)
  6 gnolls
  7 adders
  An ooze (D:2)
  An adder skeleton (D:4)
  2 worms
  3 dart slugs
  A giant gecko (D:1)
  6 orcs
  4 giant cockroaches
  10 hobgoblins
  5 jackals
  A quokka (D:2)
  A ball python (D:4)
  5 bats
  A giant newt (D:3)
  7 goblins
  8 kobolds
  5 rats
81 creatures vanquished.

Notes
Turn   | Place    | Note
--------------------------------------------------------------
     0 | D:1      | boogeech the Minotaur Fighter began the quest for the Orb.
     0 | D:1      | Reached XP level 1. HP: 19/19 MP: 0/0
   141 | D:1      | Reached XP level 2. HP: 23/27 MP: 1/1
   804 | D:1      | Reached skill level 4 in Shields
   818 | D:1      | Reached XP level 3. HP: 31/33 MP: 2/2
   975 | D:2      | Noticed Sigmund
  1312 | D:2      | Reached XP level 4. HP: 38/40 MP: 3/3
  1350 | D:2      | Noticed Terence
  1360 | D:2      | Killed Terence
  1360 | D:2      | Reached skill level 1 in Dodging
  1408 | D:2      | Found a faded altar to an unknown god.
  1421 | D:2      | Found a snail-covered altar of Cheibriados.
  1453 | D:2      | Found a glowing golden altar of the Shining One.
  1501 | D:2      | Found a shattered altar of Ashenzari.
  1596 | D:2      | Killed Sigmund
  1596 | D:2      | Reached skill level 5 in Armour
  1596 | D:2      | Reached skill level 5 in Shields
  1596 | D:2      | Reached XP level 5. HP: 16/47 MP: 4/4
  1785 | D:2      | Reached XP level 6. HP: 47/53 MP: 5/5
  2367 | D:3      | Found a bloodstained altar of Trog.
  2492 | D:3      | Found an oddly glowing altar of Pakellas.
  2628 | D:3      | Found a blossoming altar of Fedhas.
  2747 | D:3      | Found a basalt altar of Yredelemnul.
  2861 | D:4      | Got a brightly glowing bronze ring
  2863 | D:4      | Identified the ring of Iwi Icihaj {*Corrode +Blink rElec MR+++ Stlth-} (You found it on level 4 of the Dungeon)
  2950 | D:4      | Reached skill level 5 in Fighting
  3232 | D:4      | Reached XP level 7. HP: 50/61 MP: 6/6
  3270 | D:4      | Reached skill level 6 in Shields
  3638 | D:5      | Entered Level 5 of the Dungeon
  3692 | D:5      | Slain by an ogre

Skill      XL: |  1  2  3  4  5  6  7 |
---------------+----------------------+-----
Maces & Flails | 3 4 |  4.8
Shields        | 4 5 6 |  6.2
Fighting       | 4 5 |  5.4
Armour         | 4 5 |  5.8
Dodging        | 1 2 |  2.2

Action                   |  1- 3 |  4- 6 |  7- 9 || total
-------------------------+-------+-------+-------++-------
Melee: Flail             |    93 |   113 |    40 ||   246
       Headbutt          |    13 |    22 |    11 ||    46
  Use: Potion            |       |     3 |       ||     3
       Scroll            |       |     4 |       ||     4
  Eat: Beef jerky        |     1 |     1 |       ||     2
       Chunk             |       |     5 |     1 ||     6
Armor: Scale mail        |    43 |    29 |    15 ||    87
Dodge: Dodged            |    32 |    36 |     6 ||    74
Block: Shield            |    52 |    53 |    19 ||   124
